Map: Echo LE (Void)

Players

Musumeci - Winner!

  • Race: Zerg Zerg
  • League: Diamond
  • Spawn Location: 5:00

pUnkOuter

  • Race: Terran Terran
  • League: Diamond
  • Spawn Location: 11:00

VOD

Have the link to the VOD?

Description

Time

  • Played on: Jan. 17, 2017, 3:35 p.m.
  • Length: 17:16
Show
View Real Time Build Order
Export as new Build Order

Musumeci Zerg - Winner!

Build Orders: Hatch First 

Get SALT Encoding   

  12  0:02  Drone  
  13  0:08  Drone  
  14  0:14  Drone, Extractor  
  15  0:39  Hatchery  
  14  0:45  Drone, Extractor  
  15  1:02  Spawning Pool  
  14  1:09  Extractor  
  14  1:10  Drone, Extractor  
  13  1:11  Drone  
  13  1:17  Overlord  
  16  1:35  Drone x2  
  18  1:42  Drone  
  19  1:49  Queen  
  19  1:51  Queen  
  19  1:52  Drone  
  24  1:55  Drone  
  25  2:02  Overlord  
  25  2:05  Drone  
  26  2:12  Drone  
  27  2:18  Extractor  
  26  2:24  Queen  
  26  2:28  Queen  
  30  2:39  Drone  
  30  2:41  Drone  
  32  2:52  Overlord  
  32  2:53  Hatchery  
  31  3:04  Drone x3  
  34  3:06  Drone  
  34  3:07  Drone  
  36  3:13  Drone x5  
  36  3:18  Extractor  
  40  3:22  Extractor  
  40  3:23  Roach Warren  
  40  3:27  Drone x2  
  39  3:28  Drone  
  41  3:44  Drone x3  
  41  3:47  Overlord  
  41  3:48  Overlord  
  44  3:49  Overlord  
  44  3:59  Evolution Chamber  
  44  4:00  Drone, Evolution Chamber  
  43  4:03  Lair, Extractor  
  43  4:08  Roach  
  44  4:13  Roach  
  46  4:17  Roach  
  48  4:24  Roach  
  48  4:26  Overlord x2  
  48  4:27  Roach  
  48  4:31  Drone x3  
  55  4:33  Extractor  
  55  4:34  Drone x2  
  55  4:36  Drone  
  55  4:37  Drone  
  58  4:43  Drone x3  
  61  4:46  Drone  
  61  4:48  Drone  
  63  4:56  Spore Crawler  
  62  5:01  Spore Crawler  
  62  5:03  Spore Crawler  
  60  5:11  Roach  
  60  5:12  Roach x2  
  66  5:16  Glial Reconstitution  
  66  5:18  Zerg Missile Weapons Level 1  
  66  5:22  Zerg Ground Armor Level 1  
  66  5:23  Drone  
  67  5:41  Drone x2  
  69  5:46  Drone  
  70  5:51  Spore Crawler  
  69  6:04  Ravager x2  
  70  6:08  Drone  
  70  6:09  Drone x8  
  70  6:10  Drone x3  
  70  6:11  Drone x2  
  84  6:12  Drone  
  84  6:13  Drone x2  
  84  6:14  Drone x2  
  84  6:18  Overlord x3  
  90  6:32  Extractor  
  89  6:34  Extractor  
  88  6:43  Overlord x3  
  88  6:45  Drone x3  
  91  6:50  Drone  
  91  6:51  Drone  
  91  6:53  Roach  
  91  6:54  Roach x8  
  111  6:55  Ravager x3  
  111  6:56  Overlord  
  111  6:57  Overlord  
  114  7:05  Ravager x3  
  117  7:29  Hatchery  
  115  8:17  Spore Crawler x3  
  112  8:25  Hatchery  
  111  8:28  Overlord x4  
  111  8:29  Hatchery  
  110  8:39  Ravager  
  110  8:40  Roach, Ravager x5  
  110  8:41  Roach x2  
  122  8:42  Overlord x6  
  124  8:48  Roach x5  
  124  8:49  Roach x11  
  124  8:50  Zerg Missile Weapons Level 2, Zerg Ground Armor Level 2  
  154  8:58  Infestation Pit  
  150  9:24  Extractor  
  143  9:49  Roach x4  
  143  9:50  Roach x18  
  178  10:08  Ravager  
  178  10:09  Ravager x9  
  178  10:13  Hatchery  
  185  10:14  Hatchery  
  182  10:30  Roach  
  184  10:39  Ravager x2  
  184  10:40  Ravager x5  
  191  10:43  Hive  
  186  11:11  Extractor  
  186  11:15  Extractor  
  177  11:48  Spore Crawler x4  
  173  11:55  Queen  
  173  11:57  Drone  
  173  11:58  Drone x2  
  173  11:59  Drone x3  
  173  12:00  Drone x8  
  189  12:06  Hatchery  
  188  12:23  Hatchery  
  188  12:27  Extractor  
  170  12:55  Overlord x3  
  117  13:07  Roach x14  
  128  13:16  Zerg Missile Weapons Level 3, Zerg Ground Armor Level 3  
  124  13:24  Ravager  
  124  13:26  Ravager x2  
  124  13:27  Ravager x12  
  137  13:35  Drone x2  
  137  13:36  Drone  
  137  13:39  Drone x4  
  144  13:42  Drone x5  
  146  14:09  Roach  
  158  14:10  Roach x19  
  158  14:15  Spine Crawler  
  158  14:16  Spine Crawler  
  182  14:17  Spine Crawler  
  182  14:20  Spine Crawler  
  182  14:21  Spine Crawler  
  182  14:22  Spine Crawler  
  178  14:24  Spine Crawler  
  178  14:25  Spine Crawler  
  176  14:32  Spine Crawler  
  176  14:33  Spore Crawler  
  174  14:40  Spine Crawler  
  173  14:59  Ravager x3  
  182  15:00  Ravager x6  
  166  15:39  Drone x6  
  166  15:40  Drone, Spore Crawler x2  
  166  15:41  Drone x3, Spore Crawler  
  166  15:42  Drone x2  
Show
View Real Time Build Order
Export as new Build Order

pUnkOuter Terran 

Build Orders: Reaper Expand, MMM Bio 

Get SALT Encoding   

  12  0:00  SCV  
  13  0:12  SCV  
  14  0:17  Supply Depot  
  14  0:24  SCV  
  15  0:39  SCV  
  15  0:40  Barracks  
  16  0:44  Refinery  
  16  0:51  SCV  
  17  1:03  SCV  
  18  1:15  SCV  
  19  1:29  Orbital Command  
  19  1:31  Reaper  
  20  1:40  Command Center  
  20  1:50  Barracks  
  20  1:56  SCV  
  21  2:03  Barracks Reactor  
  21  2:08  SCV  
  22  2:14  Supply Depot  
  22  2:20  SCV  
  23  2:31  Bunker  
  23  2:36  SCV  
  24  2:37  Refinery  
  24  2:39  Factory  
  24  2:41  Barracks Tech Lab  
  24  2:48  SCV  
  25  2:53  Orbital Command  
  25  3:00  SCV, Marine x2  
  25  3:01  Marine  
  29  3:10  Supply Depot  
  29  3:12  SCV  
  30  3:19  Stimpack  
  30  3:20  Marine  
  30  3:22  Marine  
  30  3:24  SCV, Marine  
  34  3:32  Starport  
  34  3:36  SCV  
  34  3:38  Supply Depot  
  34  3:39  SCV  
  35  3:41  Marine  
  35  3:43  Marine  
  35  3:46  Marine  
  38  3:49  Factory Reactor  
  38  3:50  SCV  
  38  3:52  SCV  
  40  4:00  Marine  
  40  4:01  Marine  
  42  4:03  SCV  
  42  4:04  SCV  
  42  4:05  Supply Depot  
  42  4:09  Marine  
  45  4:15  SCV  
  45  4:16  SCV  
  47  4:17  Marine  
  47  4:19  Marine  
  49  4:27  SCV  
  49  4:30  SCV  
  51  4:37  Medivac x2  
  55  4:39  SCV  
  55  4:43  SCV, Engineering Bay  
  55  4:45  Marine x3  
  59  4:46  Engineering Bay  
  59  4:51  SCV  
  61  4:55  SCV  
  61  4:56  Refinery  
  61  4:59  Factory Reactor  
  62  5:01  Command Center  
  62  5:03  SCV  
  63  5:07  SCV  
  64  5:15  SCV  
  64  5:19  SCV  
  64  5:20  Combat Shields  
  64  5:21  Marine x3  
  66  5:28  SCV  
  70  5:30  Terran Infantry Armor Level 1, Terran Infantry Weapons Level 1  
  70  5:41  Widow Mine x2, SCV, Marine x2  
  77  5:42  Supply Depot  
  77  5:44  Barracks  
  77  5:46  Barracks  
  77  5:49  SCV  
  78  5:50  Refinery  
  78  5:55  Supply Depot  
  77  6:04  Medivac  
  77  6:05  Marine x2  
  77  6:06  Marauder, SCV x2  
  85  6:13  Orbital Command  
  85  6:18  SCV x2  
  85  6:19  Factory Tech Lab, Supply Depot  
  87  6:25  Marine  
  87  6:26  Marine  
  87  6:28  Marauder  
  87  6:30  SCV x2, Barracks  
  93  6:33  Barracks Tech Lab  
  93  6:34  Barracks  
  93  6:40  Siege Tank  
  93  6:42  Orbital Command, SCV  
  93  6:43  Supply Depot  
  97  6:57  Missile Turret  
  97  6:59  Bunker  
  97  7:06  Marauder, Marine x3  
  97  7:07  Marine  
  103  7:09  Medivac x2  
  107  7:21  Marine  
  109  7:23  Barracks Reactor  
  109  7:25  Barracks Tech Lab  
  109  7:26  Marine x2  
  109  7:27  Marine x2  
  109  7:28  Marauder  
  109  7:29  Siege Tank  
  117  7:39  Medivac x2  
  117  7:40  Marauder  
  114  7:44  Marine  
  113  7:54  Marine  
  113  7:55  Marauder, Marine x3  
  110  8:00  Marine  
  110  8:01  Siege Tank  
  110  8:02  Factory  
  110  8:05  Command Center  
  114  8:06  SCV x3  
  114  8:09  Medivac x2  
  121  8:18  SCV x2  
  121  8:45  Marauder x2  
  125  8:59  Liberator x2, Barracks Tech Lab  
  125  9:00  Factory  
  125  9:13  Marine  
  125  9:14  SCV, Marine x2  
  125  9:15  SCV x2, Marine x4  
  125  9:17  Marauder, Siege Tank  
  130  9:27  SCV  
  130  9:31  Marine  
  126  9:33  Marine  
  126  9:35  Marine  
  126  9:36  Marauder x2, Marine x3  
  126  9:38  Marine  
  133  9:49  Marine  
  133  9:50  Marine  
  129  9:53  Marine  
  128  10:13  Armory  
  122  10:15  Factory Tech Lab  
  122  10:17  Barracks, Siege Tank  
  122  10:20  Barracks  
  110  10:30  Marauder x2  
  110  10:31  Marine  
  110  10:32  Marine x6  
  110  10:33  Siege Tank  
  110  10:35  Medivac x2  
  127  10:49  Siege Tank  
  130  10:51  Marauder x2, Marine x5  
  130  10:52  Marine  
  140  11:06  Marine, Siege Tank  
  140  11:09  Marine x4  
  140  11:11  Marine x2  
  124  11:18  Marauder  
  124  11:19  Marauder  
  124  11:20  Factory Tech Lab  
  125  11:29  Marine x5  
  125  11:30  Marine, Siege Tank  
  125  11:32  Supply Depot  
  134  11:33  Command Center  
  134  11:34  Supply Depot  
  134  11:39  Marauder  
  128  11:57  Siege Tank  
  128  11:58  Siege Tank  
  128  11:59  Marauder, Marine x3  
  128  12:00  Marauder, Marine x4  
  145  12:02  Siege Tank  
  138  12:14  SCV x2  
  140  12:17  Marine x3  
  140  12:21  Marauder, Marine  
  140  12:22  Marauder x2, Marine x2  
  151  12:26  SCV  
  151  12:27  SCV  
  153  12:30  Medivac x2  
  153  12:35  Marine  
  157  12:41  Terran Infantry Weapons Level 2  
  157  12:42  Terran Infantry Armor Level 2  
  154  12:44  Marine x2  
  154  12:45  Marauder, Marine  
  103  13:14  Command Center  
  103  13:17  Marauder x2, Marine x2  
  103  13:18  Marauder, Marine  
  104  13:25  Marine  
  104  13:48  Marauder, Marine  
  101  14:07  Marauder  
  103  14:12  Orbital Command  
  101  14:33  Marauder, Marine  
  92  15:18  Command Center  
  77  15:39  Orbital Command  
  77  15:40  SCV  
  77  15:42  Refinery  
  78  15:43  Refinery  
  74  15:52  SCV  
  75  16:10  Marauder, Marine x4  
  75  16:11  Marauder, Marine x3  
  76  16:12  Siege Tank x3  
  76  16:14  Medivac x2  
  68  16:28  Marine  
  62  16:36  Marine x2  
  62  16:37  Marine x3  
  45  16:55  Marine  
Tags
 
Add a new tag
Caveats
  • Supply blocks, unpowered buildings, or Contaminate may cause inaccurate times.
  • Supply counts are checked every 10 seconds.